 Dungeon Crawl Stone Soup version 0.30-a0-364-gf6b3ef1049 (webtiles) character file.

Game seed: 558471951219455394

151 Manisia the Caller (level 5, 0/28 HPs)
             Began as a Tengu Summoner on Nov 15, 2022.
             Slain by a gnoll
             ... wielding a +0 spear
             ... led by a gnoll bouda
              (5 damage)
             ... on level 4 of the Dungeon.
             The game lasted 00:07:42 (3242 turns).

Manisia the Caller (Tengu Summoner)                 Turns: 3242, Time: 00:07:43

Health: 0/28       AC:  3    Str:  8    XL:     5   Next: 33%
Magic:  3/11       EV: 15    Int: 17    God:
Gold:   99         SH:  0    Dex: 15    Spells: 5/11 levels left

rFire   . . .      SeeInvis .    n - +0 halberd
rCold   . . .      Faith    .    (shield currently unavailable)
rNeg    . . .      Spirit   .    a - +1 robe
rPois   .          Reflect  .    (helmet restricted)
rElec   .          Harm     .    (no cloak)
rCorr   .          Rampage  .    (no gloves)
Will    .....                    (boots unavailable)
Stlth   ++........               (no amulet)
HPRegen 0.24/turn                o - +1 ring of slaying
MPRegen 0.12/turn                (no ring)

@: weakened, flying quickly and evasively, quick
A: beak, talons 3, nimble flight
a: no special abilities


You were on level 4 of the Dungeon.
You visited 1 branch of the dungeon, and saw 4 of its levels.

You collected 165 gold pieces.
You spent 66 gold pieces at shops.

Inventory:

Hand Weapons
 n - a +0 halberd (weapon)
Missiles
 i - 2 poisoned darts
Armour
 a - a +1 robe (worn)
Jewellery
 o - a +1 ring of slaying (left hand)
Wands
 j - a wand of flame (7)
Scrolls
 e - a scroll of magic mapping
 g - a scroll of teleportation
 m - a scroll of identify
Potions
 b - a potion of magic
 c - 2 potions of cancellation
 d - a potion of ambrosia
 f - 2 potions of haste
 h - 2 potions of flight
 k - a potion of heal wounds {unknown}


   Skills:
 + Level 0.3 Fighting
 + Level 0.4 Polearms
 + Level 2.7 Dodging
 - Level 2.0 Stealth
 + Level 0.1 Unarmed Combat
 + Level 3.7 Spellcasting
 - Level 6.0 Summonings


You had 5 spell levels left.
You knew the following spells:

 Your Spells              Type           Power      Damage    Failure   Level
a - Summon Small Mammal   Summ           92%        N/A       1%          1
b - Call Imp              Summ           23%        N/A       1%          2
c - Call Canine Familiar  Summ           23%        N/A       4%          3

Your spell library contained the following spells:

 Spells                   Type           Power      Damage    Failure   Level
 Summon Guardian Golem    Hex/Summ       13%        N/A       14%         3
 Apportation              Tloc           6%         N/A       16%         1
 Hailstorm                Conj/Ice       3%         3d3       43%         3
 Ignite Poison            Fire/Tmut/Pois 3%         N/A       43%         3
 Summon Lightning Spire   Summ/Air       13%        N/A       43%         4
 Ice Form                 Ice/Tmut       3%         N/A       85%         4
 Sticky Flame             Conj/Fire      3%         2d3       85%         4
 Alistair's Intoxication  Tmut/Pois      2%         N/A       99%         5
 Simulacrum               Ice/Necr       1%         N/A       100%        6
 Ignition                 Fire           1%         3d3       100%        8


Dungeon Overview and Level Annotations

Branches:
Dungeon (4/15)
 Temple: D:4-7

Altars:

Shops:
D:4 =

Annotations:
D:4 1 runed translucent door, Crazy Yiuf


Innate Abilities, Weirdness & Mutations

You have a beak for a mouth.
You have claws for feet.
Your magical nature lets you fly swiftly and evasively.


Message History

The gnoll bouda barks out a call to the hunt!
Your hound bites the gnoll bouda.
Read: scroll of poison
Press: ? - help, Q - select action, (/) - cycle Dir - look around, f - activate Look: a gnoll bouda, wielding a +0 whip and wearing a +0 robe (black smoke, severely wounded, not watching you, ally target)
The air fills with toxic fumes!
As you read the scroll of poison, it crumbles to dust.
The gnoll bouda misses your hound.
Your hound barely misses the gnoll bouda.
Your quokka completely misses the gnoll bouda.
Your hound closely misses the gnoll bouda.
The gnoll bouda hits your hound with a +0 whip.
Your quokka closely misses the gnoll bouda.
Your hound bites the gnoll bouda.
The gnoll is no longer moving quickly.
The gnoll bouda barks out a call to the hunt!
The gnoll picks up the pace!
Your quokka barely misses the gnoll bouda.
Your hound closely misses the gnoll bouda.
Your hound bites the gnoll bouda.
Your quokka closely misses the gnoll bouda.
The gnoll bouda hits your hound with a +0 whip!
Your hound bites the gnoll bouda.
The gnoll bouda dies!
The gnoll is no longer moving quickly.
Your quokka closely misses the gnoll.
Your hound bites the gnoll but does no damage.
The gnoll hits your quokka with a +0 spear!
Your quokka dies!
Your quokka's corpse disappears in a puff of smoke!
Your hound barely misses the gnoll.
Your hound bites the gnoll.
Your hound barely misses the gnoll.
The gnoll barely misses you.
Aiming: Throw Flame
Press: ? - help, Q - select action, (/) - cycle Shift-Dir - straight line, f - gnoll
Aim: a gnoll, wielding a +0 whip (black smoke, severely wounded, covering ground quickly, ally target, 72% to hit)
The puff of flame hits the gnoll.
The gnoll is heavily wounded.
Your hound bites the gnoll but does no damage.
The gnoll hits your hound with a +0 whip.
The gnoll hits you from afar with a +0 spear.
You die...

##.....##
#§☼###..#
#§#§..#.#
##§§○..## #§§§..#
#§§○§.# ####
#.#.§§## ...
#...###§####h####
##.. #☼@○ggg○§§#
##. ######g##§#
#. .#


gg gg. g##. .# .# g. # You could see 3 gnolls, a hobgoblin and a friendly hound
(summoned).

Vanquished Creatures
  An adder (D:3)
  A dart slug (D:1)
  2 endoplasms
  A giant cockroach (D:4)
  A goblin (D:1)
  3 jackals (D:4)
  3 kobolds
  A rat (D:2)
13 creatures vanquished.

Vanquished Creatures (collateral kills)
  A gnoll bouda (D:4)
  4 gnolls (D:4)
  4 worms
  2 dart slugs
  2 orcs (D:3)
  3 endoplasms
  A giant cockroach (D:2)
  3 goblins (D:3)
  3 hobgoblins
  2 jackals (D:1)
  2 quokkas
  2 ball pythons
  6 bats
  A frilled lizard (D:3)
  5 kobolds
  3 rats
44 creatures vanquished.

Grand Total: 57 creatures vanquished

Notes
Turn   | Place    | Note
-------+----------+-------------------------------------------
     0 | D:1      | Manisia the Tengu Summoner began the quest for the Orb.
     0 | D:1      | Reached XP level 1. HP: 10/10 MP: 4/4
   272 | D:1      | Reached skill level 5 in Summonings
   397 | D:1      | Reached XP level 2. HP: 15/15 MP: 3/6
   883 | D:1      | You fall into a shaft and drop 1 floor!
  1196 | D:2      | Learned a level 2 spell: Call Imp
  1325 | D:2      | Reached XP level 3. HP: 19/19 MP: 5/7
  1965 | D:2      | Learned a level 3 spell: Call Canine Familiar
  2215 | D:3      | Reached XP level 4. HP: 24/24 MP: 2/8
  2217 | D:3      | Reached skill level 6 in Summonings
  2288 | D:3      | Found a faded altar of an unknown god.
  3169 | D:4      | Found a runed translucent door.
  3170 | D:4      | Noticed Crazy Yiuf
  3204 | D:4      | Found Larch's One-of-a-Kind Rings.
  3209 | D:4      | Bought a +1 ring of slaying for 66 gold pieces
  3228 | D:4      | Gained mutation: Your magical nature lets you fly swiftly
                  | and evasively. [Tengu growth]
  3228 | D:4      | Reached XP level 5. HP: 10/28 MP: 5/11
  3242 | D:4      | Slain by a gnoll

Illustrated notes

Levels and vault maps discovered:
D:1:      lemuel_arrival_tunnels, layout_rooms, serial_co_window_serial,
          co_window_paths_a, co_window_paths_a, co_window_cross_1,
          co_window_paths_a, co_window_corner_a, co_window_paths_a,
          co_window_paths_b, co_window_corner_b, co_window_corner_b,
          co_window_broadway_c, glass_columns_a, ebering_dispersal_statue_hall
D:2:      minmay_kobold_bridge, layout_basic
D:3:      layout_rooms, shapermc_ecumenical_altar_starsandcircs
D:4:      layout_loops_corners, nicolae_shop_unique_rings,
          palyth_stone_intersect, roderic_cross_of_infinity,
          pf_guarded_unrand_woodcutter, uniq_crazy_yiuf_cottage

Skill      XL: |  1  2  3  4 |
---------------+-------------+-----
Summonings     | 5 6 |  6.0
Spellcasting   | 3 |  3.7
Fighting       | |  0.3
Polearms       | |  0.4
Dodging        | |  2.7
Stealth        | |  2.0
Unarmed Combat | |  0.1

Action                   |  1- 3 |  4- 6 || total
-------------------------+-------+-------++-------
Melee: Unarmed           |    38 |     3 ||    41
       Kick              |    13 |     2 ||    15
       Peck              |    10 |     3 ||    13
       Halberd           |       |    13 ||    13
 Cast: Summon Small Mamm |    55 |    13 ||    68
       Call Imp          |     5 |     4 ||     9
       Call Canine Famil |     3 |     5 ||     8
Evoke: Wand              |       |     1 ||     1
  Use: Scroll            |     5 |     6 ||    11
 Stab: Sleeping          |       |     1 ||     1
Armor: Robe              |    14 |    10 ||    24
Dodge: Dodged            |    45 |    27 ||    72

Table legend: (Time is in decaauts)
 A = Elapsed time spent in this place.
 B = Non-inter-level travel time spent in this place.
 C = Inter-level travel time spent in this place.
 D = Time resting spent in this place.
 E = Time spent auto-exploring this place.
 F = Levels seen in this place.
 G = Mean time per level.
                   A        B        C        D        E       F      G
               +--------+--------+--------+--------+--------+-----+--------+
         Total |   3248 |   3173 |     75 |    100 |   2410 |   4 |  812.0 |
       Dungeon |   3248 |   3173 |     75 |    100 |   2410 |   4 |  812.0 |
               +--------+--------+--------+--------+--------+-----+--------+

Top non-repeatable levels by time:
     D:1: 1054 daAuts
     D:2: 910 daAuts
     D:3: 849 daAuts
     D:4: 434 daAuts
